 Dungeon Crawl Stone Soup version 0.21-a0-277-geaec956 (webtiles) character file.

1466 Lavandula the Grappler (level 8, -2/59 HPs)
             Began as a Ghoul Warper on Sept 20, 2017.
             Was an Initiate of Hepliaklqana.
             Slain by an orc warrior
             ... wielding a +0 halberd
              (21 damage)
             ... on level 7 of the Dungeon.
             The game lasted 00:22:23 (4070 turns).

Lavandula the Grappler (Ghoul Warper)               Turns: 4070, Time: 00:22:23

Health: -2/59      AC:  6    Str: 16    XL:     8   Next: 77%
Magic:  8/9        EV: 14    Int:  8    God:    Hepliaklqana [......]
Gold:   80         SH:  0    Dex:  9    Spells: 3/10 levels left

rFire    . . .     SeeInvis .     - Unarmed
rCold    + . .     Gourm    .   (no shield)
rNeg     + + +     Faith    .   a - +0 leather armour
rPois    ∞         Spirit   .   s - +2 helmet
rElec    .         Reflect  .   (no cloak)
rCorr    .         Harm     .   (no gloves)
MR       .....                  (no boots)
Stlth    ++........             (no amulet)
HPRegen  0.00/turn              e - +1 ring of evasion
MPRegen  0.11/turn              m - ring of stealth

@: rotting
A: rotting body, reduced essence, claws 1, carnivore 3, cold resistance 1,
negative energy resistance 3, inhibited regeneration, torment resistance,
unbreathing
a: Recall Ancestor, Ancestor Identity, Renounce Religion


You were on level 7 of the Dungeon.
You worshipped Hepliaklqana.
Hepliaklqana was noncommittal.
You were not hungry.

You visited 2 branches of the dungeon, and saw 8 of its levels.

You collected 360 gold pieces.
You spent 280 gold pieces at shops.

Inventory:

Missiles
 d - 5 tomahawks of dispersal
 y - 5 tomahawks (quivered)
Armour
 a - a +0 leather armour (worn)
 s - a +2 helmet (worn)
 M - a +0 buckler
Magical Staves
 B - a cursed staff of conjuration {unknown}
Jewellery
 e - a +1 ring of evasion (left claw)
 m - a ring of stealth (right claw)
 p - an uncursed ring of stealth
 x - an uncursed ring of protection from fire
 C - a +3 ring of intelligence
Wands
 u - a wand of confusion (14/48)
 v - a wand of confusion (23/48)
 D - a wand of paralysis (15/24)
 I - a wand of flame (23/48)
Scrolls
 c - 3 scrolls of blinking
 h - 2 scrolls of teleportation
 i - 2 scrolls of magic mapping
 k - 2 scrolls of enchant weapon
 q - 4 scrolls of recharging
 w - a scroll of enchant armour {unknown}
 E - 2 scrolls of remove curse
 F - a scroll of fear {unknown}
 G - a scroll of random uselessness {unknown}
 J - a scroll of fog {unknown}
Potions
 g - 2 potions of curing
 l - a potion of ambrosia
 n - a potion of brilliance {unknown}
 r - 2 potions of agility
 t - a potion of flight
 z - a potion of magic {unknown}
 A - 2 potions of heal wounds {unknown}
 K - a potion of haste {unknown}
Books
 b - a book of Spatial Translocations

   Spells                             Type                      Level
   a - Blink                          Translocation                2
   b - Shroud of Golubria             Charms/Translocation         2
   c - Lesser Beckoning               Translocation                3
   d - Gell's Gravitas                Translocation                3
   e - Teleport Other                 Translocation                3
   f - Passage of Golubria            Translocation                4
 o - the Guide on Augmentations
   (You found it on level 5 of the Dungeon)

   Spells                             Type                      Level
   a - Infusion                       Charms                       1
   b - Song of Slaying                Charms                       2
   c - Swiftness                      Charms/Air                   2
   d - Shroud of Golubria             Charms/Translocation         2
   e - Deflect Missiles               Charms/Air                   6
Miscellaneous
 L - a box of beasts
Comestibles
 f - 7 meat rations
 j - 2 royal jellies


   Skills:
 - Level 4.1 Fighting
 - Level 0.8 Throwing
 - Level 0.8 Armour
 - Level 5.4 Dodging
 + Level 1.3 Shields
 - Level 8.0 Unarmed Combat
 - Level 1.7 Spellcasting
 - Level 3.3 Charms
 - Level 2.6 Translocations


You had 3 spell levels left.
You knew the following spells:

 Your Spells              Type           Power        Failure   Level  Hunger
a - Blink                 Tloc           N/A          22%         2    ###....
b - Shroud of Golubria    Chrm/Tloc      #.........   21%         2    ###....
c - Infusion              Chrm           #...         11%         1    ##.....
d - Song of Slaying       Chrm           #.......     17%         2    ###....


Dungeon Overview and Level Annotations

Branches:
Dungeon (7/15)             Temple (1/1) D:6

Altars:
Ashenzari
Dithmenos
Elyvilon
Gozag
Hepliaklqana
Kikubaaqudgha
Nemelex Xobeh
Qazlal
Ru
Sif Muna
Trog
Uskayaw
Vehumet
Xom
The Shining One

Shops:
D:7 }


Innate Abilities, Weirdness & Mutations

Your body is rotting away.
You thrive on raw meat.
You are immune to poison.
You have sharp fingernails.
You are carnivorous and can eat meat at any time.
Your flesh is cold resistant. (rC+)
You are immune to negative energy. (rN+++)
You do not regenerate when monsters are visible.
You are immune to unholy pain and torment.
You can survive without breathing.
Your life essence is reduced to manifest your ancestor. (-10% HP)


Message History

The orc warrior is heavily wounded.
Zdislav hits the orc warrior but does no damage.
The orc warrior hits you with a halberd!!
You scratch the orc warrior but do no damage.
The orc warrior is heavily wounded.
Your shroud begins to fray at the edges.
Zdislav hits the orc warrior but does no damage.
Eat a chunk of flesh? (ye/n/q)
You eat the chunk of flesh.
This raw flesh tastes great!
The orc warrior barely misses you.
Zdislav misses the orc warrior.
Okay, then.
You scratch the orc warrior.
The orc warrior is severely wounded.
The orc warrior hits you with a halberd!
Your shroud falls apart!
Zdislav completely misses the orc warrior.
You closely miss the orc warrior.
The orc warrior is severely wounded.
The orc warrior hits you with a halberd!!
You die...

.#.#..............#
..........[.......#
...##.............#
#.###.............#
..###.............#
...#........#'##'##
##.#........#.##.#
#.#####.#..#.##.###
##.......#..#..R@..#
.#..######..####o#.#
....#.[..........#.#
.##.#.#..#########.#
.##.#.############.#
.##.#..............#
.##.################
.##.# .##.#


You could see the friendly Zdislav the ancestor and an orc warrior.

Vanquished Creatures
  A sky beast (D:6)
  A phantom (D:4)
  An ogre (D:6)
  A centaur (D:6)
  A bullfrog (D:6)
  A scorpion (D:4)
  3 howler monkeys
  A crimson imp (D:6)
  A bullfrog zombie (D:6)
  4 hounds
  A gnoll shaman (D:7)
  2 orc priests
  3 jellies
  4 orc wizards
  Natasha (twice) (D:2)
  Ijyb (D:5)
  A worker ant (D:7)
  A hound skeleton (D:7)
  A howler monkey zombie (D:5)
  Robin (D:2)
  2 adders
  5 gnolls (D:7)
  2 worms
  2 dart slugs
  5 leopard geckos
  16 orcs
  A ball python (D:2)
  10 giant cockroaches
  12 goblins
  8 hobgoblins
  22 jackals
  7 kobolds
  2 quokkas
  4 bats
  8 frilled lizards
  A leopard gecko skeleton (D:7)
  5 rats
144 creatures vanquished.

Vanquished Creatures (collateral kills)
  An ogre (D:7)
  A howler monkey (D:7)
2 creatures vanquished.

Vanquished Creatures (others)
  A centaur (D:6)
  A bullfrog (D:6)
  A hound (D:6)
  A centaur skeleton (D:6)
  An orc wizard (D:7)
  An iguana (D:6)
  3 ancestors (D:7)
  A jackal (D:6)
  A quokka (D:6)
11 creatures vanquished.

Grand Total: 157 creatures vanquished

Notes
Turn   | Place    | Note
-------+----------+-------------------------------------------
     0 | D:1      | Lavandula the Ghoul Warper began the quest for the Orb.
     0 | D:1      | Reached XP level 1. HP: 17/17 MP: 2/2
    71 | D:1      | Reached skill level 3 in Unarmed Combat
    71 | D:1      | Reached XP level 2. HP: 23/24 MP: 3/3
   188 | D:1      | Learned a level 2 spell: Blink
   191 | D:1      | Learned a level 2 spell: Shroud of Golubria
   261 | D:2      | Noticed Robin
   316 | D:2      | Reached XP level 3. HP: 24/29 MP: 1/4
   403 | D:1      | Reached skill level 4 in Unarmed Combat
   592 | D:2      | Noticed Natasha
   596 | D:2      | Killed Natasha
   596 | D:2      | Reached XP level 4. HP: 36/36 MP: 3/5
   880 | D:2      | Reached skill level 5 in Unarmed Combat
   993 | D:2      | Noticed Natasha
  1002 | D:2      | Killed Natasha
  1080 | D:2      | Reached XP level 5. HP: 30/40 MP: 4/6
  1097 | D:2      | Killed Robin
  1215 | D:3      | Reached skill level 6 in Unarmed Combat
  1287 | D:3      | Reached XP level 6. HP: 45/48 MP: 7/7
  1402 | D:3      | Reached skill level 7 in Unarmed Combat
  1559 | D:4      | Noticed a phantom
  1648 | D:4      | Killed a phantom
  1648 | D:4      | Reached skill level 8 in Unarmed Combat
  1648 | D:4      | Reached XP level 7. HP: 55/55 MP: 6/8
  2134 | D:5      | Entered Level 5 of the Dungeon
  2165 | D:5      | Noticed Ijyb
  2206 | D:5      | Killed Ijyb
  2572 | D:5      | Identified the Guide on Augmentations
  2584 | D:5      | Learned a level 1 spell: Infusion
  2664 | D:6      | Reached skill level 1 in Charms
  2809 | D:6      | Reached XP level 8. HP: 35/66 MP: 9/9
  2888 | D:6      | Found a shimmering altar of Xom.
  3046 | D:6      | Found a staircase to the Ecumenical Temple.
  3052 | Temple   | Entered the Ecumenical Temple
  3325 | Temple   | Became a worshipper of Hepliaklqana the Forgotten
  3518 | D:7      | Learned a level 2 spell: Song of Slaying
  3552 | D:7      | Found a shattered altar of Ashenzari.
  3704 | D:7      | Reached skill level 5 in Dodging
  3882 | D:7      | Found Xoff's Gadget Boutique.
  3890 | D:7      | Bought a box of beasts for 280 gold pieces
  3959 | D:7      | Reached skill level 1 in Shields
  4070 | D:7      | Slain by an orc warrior

Vault maps used:
D:1:      dpeg_arrival_refuge, hex_tiny, supply_closet_lemuel
D:2:      uniq_natasha, uniq_robin
D:4:      serial_glass, glass_columns_b, glass_columns_a, first_bread
D:5:      uniq_ijyb
D:6:      temple_green, xom_confusion_cloud
D:7:      evilmike_ruin_ashenzari, serial_shops, nicolae_shop_waterfront
Temple:   oiseaux_autumnal_temple

Skill      XL: |  1  2  3  4  5  6  7  8 |
---------------+-------------------------+-----
Unarmed Combat | 3 4 5 6 8 |  8.0
Fighting       | 4 |  4.1
Dodging        | 2 5 |  5.4
Charms         | 2 3 |  3.3
Shields        | 1 |  1.3
Throwing       | |  0.8
Armour         | |  0.8
Spellcasting   | |  1.7
Translocations | |  2.6

Action                   |  1- 3 |  4- 6 |  7- 9 || total
-------------------------+-------+-------+-------++-------
Melee: Unarmed           |   120 |   183 |   212 ||   515
       Punch             |     2 |     3 |     3 ||     8
Throw: Tomahawk          |       |       |     2 ||     2
 Cast: Shroud of Golubri |     2 |     6 |    11 ||    19
       Blink             |     1 |       |     1 ||     2
Invok: Recall Ancestor   |       |       |     2 ||     2
  Use: Scroll            |       |     9 |     4 ||    13
       Potion            |       |       |     1 ||     1
 Stab: Sleeping          |       |     1 |     2 ||     3
  Eat: Chunk             |    22 |    19 |    36 ||    77
Armor: Leather armour    |    35 |    43 |    45 ||   123
Dodge: Dodged            |    67 |    80 |   126 ||   273

Table legend:
 A = Spawn XP
 B = Non-spawn XP
 C = Spawn XP percentage of total XP
 D = Spawn monster count
 E = Non-spawn monster count
 F = Spawn count percentage of total count
 G = Total turns spent on level
                    A         B        C        D         E        F      G
               +---------+---------+-------+---------+---------+-------+---------
         Total |       0 |    2095 |   0.0 |       0 |     147 |   0.0 |  4070
               +---------+---------+-------+---------+---------+-------+---------
           D:1 |       0 |      47 |   0.0 |       0 |      25 |   0.0 |   398
           D:2 |       0 |     154 |   0.0 |       0 |      36 |   0.0 |   768
           D:3 |       0 |     290 |   0.0 |       0 |      32 |   0.0 |   411
           D:4 |       0 |     243 |   0.0 |       0 |       6 |   0.0 |   557
           D:5 |       0 |     255 |   0.0 |       0 |      23 |   0.0 |   470
           D:6 |       0 |     570 |   0.0 |       0 |       8 |   0.0 |   577
           D:7 |       0 |     536 |   0.0 |       0 |      17 |   0.0 |   594
               +---------+---------+-------+---------+---------+-------+---------
